 Dungeon Crawl Stone Soup version 0.29.1-2-gbd0b4ee654 (webtiles) character file.

Game seed: 10560606105785080190

954 qeuew the Ducker (level 8, -1/67 HPs)
             Began as a Merfolk Gladiator on Nov 11, 2022.
             Was a Follower of Elyvilon.
             Slain by an iguana (3 damage)
             ... on level 6 of the Dungeon.
             The game lasted 00:07:32 (6511 turns).

qeuew the Ducker (Merfolk Gladiator)                Turns: 6511, Time: 00:07:32

Health: -1/67      AC:  2    Str: 16    XL:     8   Next: 14%
Magic:  9/9        EV: 15    Int:  8    God:    Elyvilon [*.....]
Gold:   229        SH:  0    Dex: 15    Spells: 7/7 levels left

rFire   . . .      SeeInvis .   a - +0 trident
rCold   . . .      Faith    .   (no shield)
rNeg    . . .      Spirit   .   b - +0 leather armour
rPois   .          Reflect  .   c - +0 helmet
rElec   .          Harm     .   (no cloak)
rCorr   .          Rampage  .   (no gloves)
Will    .....                   (no boots)
Stlth   +.........              (no amulet)
HPRegen 0.21/turn               (no ring)
MPRegen 0.11/turn               (no ring)

@: no status effects
A: (nimble swimmer 2), mertail, deformed body, robust 1
a: Renounce Religion, Purification


You were on level 6 of the Dungeon.
You worshipped Elyvilon.
Elyvilon was aware of your devotion.
You visited 2 branches of the dungeon, and saw 7 of its levels.

You collected 229 gold pieces.

Inventory:

Hand Weapons
 a - a +0 trident (weapon)
Missiles
 d - a throwing net (quivered)
 e - a javelin
Armour
 b - a +0 leather armour (worn)
 c - a +0 helmet (worn)
Scrolls
 g - 3 scrolls of teleportation
 h - a scroll of identify
 i - a scroll of fear
 j - 3 scrolls of blinking
 o - a scroll of magic mapping
Potions
 f - 3 potions of might
 l - 2 potions of curing
 m - a potion of haste
 n - a potion of heal wounds
 p - a potion of ambrosia


   Skills:
 + Level 4.4 Fighting
 + Level 6.1 Polearms
 + Level 3.9 Throwing
 + Level 2.3 Armour
 * Level 7.8 Dodging
 + Level 2.3 Invocations


You had 7 spell levels left.
You didn't know any spells.
Your spell library contained the following spells:

 Spells                   Type           Power      Damage    Failure   Level
 Ensorcelled Hibernation  Hex/Ice        0%         N/A       61%         2
 Passwall                 Tmut/Erth      0%         N/A       61%         2
 Spider Form              Tmut/Pois      0%         N/A       83%         3
 Swiftness                Air            0%         N/A       83%         3
 Anguish                  Hex/Necr       0%         N/A       99%         4
 Summon Forest            Summ/Tloc      0%         N/A       100%        5
 Summon Mana Viper        Hex/Summ       0%         N/A       100%        5
 Summon Cactus Giant      Summ           0%         N/A       100%        6


Dungeon Overview and Level Annotations

Branches:
Dungeon (6/15)             Temple (1/1) D:5

Altars:
Ashenzari
Cheibriados
Dithmenos
Elyvilon
Fedhas
Hepliaklqana
Nemelex Xobeh
Qazlal
Ru
Uskayaw
Vehumet
Xom
Zin
The Shining One

Annotations:
D:5 3 runed translucent doors, Xeneth's ghost, novice MiFi; snaxamus's ghost, amateur PaFi


Innate Abilities, Weirdness & Mutations

((You are very nimble when in or above water. (Stealth+, EV+, Speed+++)))
Your lower body shifts to a powerful aquatic tail in water.
Armour fits poorly on your strangely shaped body.
You are robust. (+10% HP)


Message History

The iguana struggles against the net.
You hit the iguana.
The iguana is moderately wounded.
The iguana struggles against the net.
You completely miss the iguana.
The iguana is moderately wounded.
The iguana struggles against the net.
The net rips apart, and the iguana comes free!
You hit the iguana.
The iguana is severely wounded.
The iguana barely misses you.
You hit the iguana.
The iguana is severely wounded.
The iguana misses you.
You closely miss the iguana.
The iguana is severely wounded.
The iguana bites you!
* * * LOW HITPOINT WARNING * * *
You hit the iguana but do no damage.
The iguana is severely wounded.
The iguana bites you.
* * * LOW HITPOINT WARNING * * *
You hit the iguana but do no damage.
The iguana is severely wounded.
The iguana bites you!
* * * LOW HITPOINT WARNING * * *
You barely miss the iguana.
The iguana is severely wounded.
The iguana closely misses you.
You barely miss the iguana.
The iguana is severely wounded.
The iguana barely misses you.
You hit the iguana but do no damage.
The iguana is severely wounded.
The iguana bites you! Elyvilon protects you from harm!
You closely miss the iguana. You punch the iguana.
The iguana is almost dead.
The iguana bites you.
You die...

...# .# . #..#
..#.
##.###..###.#..
...............
#...#..........
#..............
...............
......l<.......
##.....@.......
#.............
#.............
#.............
#.......##.....
#.......# [....
#.......# .....
#......## ....


You could see an iguana.

Vanquished Creatures
  A black bear (D:4)
  A bullfrog (D:6)
  5 scorpions
  2 necrophages
  A jelly (D:4)
  5 hounds
  A hound zombie (D:3)
  A hound skeleton (D:3)
  A gnoll (D:1)
  8 adders
  2 adder zombies (D:3)
  2 worms
  A dart slug (D:2)
  An orc (D:3)
  7 ball pythons
  8 bats
  7 endoplasms
  3 giant cockroaches
  4 hobgoblins
  6 jackals
  9 kobolds
  A quokka (D:5)
  4 frilled lizards
  A giant cockroach zombie (D:3)
  11 goblins
  4 rats
97 creatures vanquished.

Notes
Turn   | Place    | Note
-------+----------+-------------------------------------------
     0 | D:1      | qeuew the Merfolk Gladiator began the quest for the Orb.
     0 | D:1      | Reached XP level 1. HP: 16/16 MP: 1/1
   195 | D:1      | Reached XP level 2. HP: 21/22 MP: 2/2
   356 | D:1      | Found a faded altar of an unknown god.
   563 | D:1      | Reached XP level 3. HP: 28/28 MP: 3/3
  1787 | D:2      | Reached XP level 4. HP: 34/34 MP: 4/4
  1857 | D:2      | Reached skill level 5 in Dodging
  2297 | D:2      | Reached skill level 1 in Armour
  2633 | D:3      | Found a sparkling altar of Nemelex Xobeh.
  2633 | D:3      | Found a sacrificial altar of Ru.
  2637 | D:3      | Noticed a necrophage
  2652 | D:3      | Killed a necrophage
  2653 | D:3      | Reached XP level 5. HP: 32/41 MP: 5/5
  2741 | D:3      | Found a glowing silver altar of Zin.
  2741 | D:3      | Found a hide-covered altar of Uskayaw.
  2979 | D:3      | Reached skill level 5 in Polearms
  3099 | D:3      | Reached skill level 6 in Dodging
  3099 | D:3      | Reached XP level 6. HP: 41/47 MP: 6/6
  3205 | D:3      | You fall into a shaft and drop 2 floors!
  3205 | D:5      | Entered Level 5 of the Dungeon
  3302 | D:5      | Found a staircase to the Ecumenical Temple.
  3316 | Temple   | Entered the Ecumenical Temple
  3463 | Temple   | Became a worshipper of Elyvilon the Healer
  3504 | D:5      | Found a broken altar of Ashenzari.
  4129 | D:4      | Found a glowing golden altar of the Shining One.
  4143 | D:4      | Noticed a black bear
  4154 | D:4      | Killed a black bear
  4155 | D:4      | Reached skill level 1 in Invocations
  4155 | D:4      | Reached XP level 7. HP: 28/53 MP: 7/7
  4165 | D:4      | Reached skill level 7 in Dodging
  4666 | D:4      | Reached * piety under Elyvilon
  5365 | D:4      | Gained mutation: You occasionally shout uncontrollably at
                  | your foes. [potion of mutation]
  5365 | D:4      | Gained mutation: Your body sometimes deteriorates upon
                  | taking damage. [potion of mutation]
  5366 | D:4      | Lost mutation: You occasionally shout uncontrollably at
                  | your foes. [potion of mutation]
  5366 | D:4      | Lost mutation: Your body sometimes deteriorates upon taking
                  | damage. [potion of mutation]
  5366 | D:4      | Gained mutation: Armour fits poorly on your strangely
                  | shaped body. [potion of mutation]
  5366 | D:4      | Gained mutation: You are robust. (+10% HP) [potion of
                  | mutation]
  5788 | D:5      | Found a radiant altar of Vehumet.
  5819 | D:5      | Found a runed translucent gate.
  5819 | D:5      | Found a runed translucent gate.
  5819 | D:5      | Found a runed translucent gate.
  5819 | D:5      | Noticed snaxamus's ghost (amateur PaFi)
  5820 | D:5      | Noticed Xeneth's ghost (novice MiFi)
  6232 | D:5      | Reached XP level 8. HP: 46/67 MP: 9/9
  6495 | D:6      | HP: 3/67 [iguana (10)]
  6507 | D:6      | HP: 1/67 [iguana (10)]
  6510 | D:6      | Elyvilon protects you from harm!
  6511 | D:6      | Slain by an iguana

Illustrated notes

Levels and vault maps discovered:
D:1:      matt_arrival_refuge, layout_basic, hellmonk_ecumenical_altar_run_dry
D:2:      wander_river, layout_basic, kennysheep_decorative_pillar
D:3:      layout_basic, grunt_temple_overflow_open, serial_undead,
          serial_undead_c, serial_undead_b, serial_undead_d, serial_undead_e,
          grunt_ministairs_13
D:4:      layout_basic, mainiacjoe_overflow_small_starburst
D:5:      layout_rooms, vehumet_crystals, ashenzari_altar_1, temple_fountains,
          gammafunk_ghost_cemetery, nrook_mini_backslash
D:6:      minmay_flawed_box, layout_cave_pools
Temple:   nicolae_temple_bog_church

Skill      XL: |  1  2  3  4  5  6  7 |
---------------+----------------------+-----
Dodging        | 5 6 7 |  7.8
Armour         | 1 2 |  2.3
Fighting       | 3 4 |  4.4
Polearms       | 5 6 |  6.1
Throwing       | 3 |  3.9
Invocations    | 1 2 |  2.3

Action                   |  1- 3 |  4- 6 |  7- 9 || total
-------------------------+-------+-------+-------++-------
Melee: Trident           |   127 |   207 |   142 ||   476
       Punch             |     1 |     5 |     3 ||     9
Throw: Throwing net      |     2 |       |     1 ||     3
  Use: Scroll            |     3 |     3 |     8 ||    14
       Potion            |       |       |     5 ||     5
 Stab: Sleeping          |     1 |       |     1 ||     2
       Held in net/web   |     1 |       |       ||     1
Armor: Leather armour    |    30 |    61 |    12 ||   103
Dodge: Dodged            |    77 |   176 |    96 ||   349
